Cogmind - Beta 10.1 @@@ ROGUE MODE // 2020.10.27 @ 20:55:29 Player: Demise Result: Destroyed by L-31 Rogue with Katana Performance ------------- Evolutions (0) 0 Regions Visited (4) 800 Robots Destroyed (20) 100 Value Destroyed (289) 289 Prototype IDs (23) 460 Alien Tech Used (0) 0 Bonus (300) 300 TOTAL SCORE: 1949 Bonus ------- Aligned with FarCom 300 Cogmind --------- Core Integrity 0/250 Matter 219/300 Energy 145/250 System Corruption 0% Temperature Cool (10) Movement Core (1200) Ox23 Location -9/Mines Parts ------- > --- POWER (1) -------- Ion Engine > --- PROPULSION (2) --- (None) > --- UTILITY (2) ------ High-capacity Storage Unit High-capacity Storage Unit > --- WEAPON (2) ------- Small Laser Light Assault Rifle > --- INVENTORY (20) --- Large Storage Unit Large Storage Unit High-capacity Storage Unit High-capacity Battery (400) Large Matter Pod (150) High-capacity Matter Pod (200) Signal Interpreter Targeting Computer Trap Reconfigurator Light Assault Rifle Light Assault Rifle Grenade Launcher Grenade Launcher Mining Laser Peak State ------------ > --- POWER ------------ Ion Engine > --- PROPULSION ------- Light Treads Light Treads > --- UTILITY ---------- High-capacity Storage Unit High-capacity Storage Unit > --- WEAPON ----------- Light Assault Rifle Light Assault Rifle > --- INVENTORY -------- Ion Engine Potential Leg Potential Leg Large Storage Unit Large Storage Unit High-capacity Storage Unit High-capacity Battery Large Matter Pod High-capacity Matter Pod Signal Interpreter Targeting Computer Trap Reconfigurator Small Laser Light Assault Rifle Light Assault Rifle Light Assault Rifle Grenade Launcher Grenade Launcher Mining Laser [Rating: 11] Favorites ----------- Power Ion Engine Engine Ion Engine Propulsion Light Treads Treads Light Treads Leg Aluminum Leg Utility Large Storage Unit Storage Large Storage Unit Weapon Light Assault Rifle Energy Gun EM Pulse Gun Ballistic Gun Light Assault Rifle Launcher Grenade Launcher Special Weapon Mining Laser Build | -11 -10 -10 -10 -9 ------- Run | Scr Mat Min Exi Min Slots Evolved . | . . . . . Power . | . . . . . Propulsion . | . . . . . Utility . | . . . . . Weapon . | . . . . . Parts Attached 26 | 3 16 . 4 3 Power 3 | . 2 . . 1 Engine 3 | . 2 . . 1 Core . | . . . . . Reactor . | . . . . . Propulsion 4 | 2 2 . . . Treads 4 | 2 2 . . . Leg . | . . . . . Wheel . | . . . . . Hover . | . . . . . Flight . | . . . . . Utility 7 | 1 4 . 2 . Device . | . . . . . Storage 7 | 1 4 . 2 . Processor . | . . . . . Hackware . | . . . . . Protection . | . . . . . Artifact . | . . . . . Weapon 12 | . 8 . 2 2 Energy Gun 2 | . 1 . . 1 Energy Cannon . | . . . . . Ballistic Gun 7 | . 5 . 1 1 Ballistic Cannon . | . . . . . Launcher 1 | . . . 1 . Special Weapon 2 | . 2 . . . Impact Weapon . | . . . . . Slashing Weapon . | . . . . . Piercing Weapon . | . . . . . Special Melee Weapon . | . . . . . Unidentified Prototypes . | . . . . . Parts Lost 5 | . 1 . . 4 Power 1 | . . . . 1 Propulsion 2 | . . . . 2 Utility . | . . . . . Weapon 2 | . 1 . . 1 Highest Loss Streak 4 | . 1 . . 4 Average Slot Usage (%) 99 | . 99 100 100 80 Engine 13 | . 14 14 14 9 Treads 27 | . 28 28 28 14 Storage 28 | . 28 28 28 28 Energy Gun 1 | . 2 . . . Ballistic Gun 25 | . 22 28 27 28 Naked Turns . | . . . . . Heaviest Build 73 | 15 39 39 73 . Greatest Support 40 | 40 40 40 40 . Greatest Overweight (x) 1 | . . . 1 . Average Overweight (x) . | . . . . . Largest Inventory Capacity 20 | 8 16 16 20 20 Average Capacity 13 | 7 10 16 18 20 Most Carried 19 | 8 12 16 19 17 Average Carried 12 | 7 9 12 16 16 Final Capacity 20 | 8 16 16 20 20 Final Carried 17 | 8 11 15 17 14 Class Distribution -------------------- 77% | Mutant 22% | Hauler-Mutant Dominant Class ---------------- Mutant | -10/Materials Mutant | -10/Mines Hauler-Mutant | -10/Exiles Hauler-Mutant | -9/Mines Resources | -11 -10 -10 -10 -9 ----------- Run | Scr Mat Min Exi Min Matter Collected 780 | 306 446 28 . . Remotely . | . . . . . Salvage Created 639 | 222 417 . . . Parts 43 | 16 27 . . . Haulers Intercepted 2 | . 2 . . . Recyclers Shooed . | . . . . . Parts Field Recycled . | . . . . . Retrieved Matter . | . . . . . Parts Self-Destructed . | . . . . . Prevented . | . . . . . Kills | -11 -10 -10 -10 -9 ------- Run | Scr Mat Min Exi Min Combat Hostiles Destroyed 8 | . 8 . . . Guns 8 | . 8 . . . Classes Destroyed 7 | 3 4 . . . Worker 2 | 2 . . . . Tunneler 5 | 5 . . . . Hauler 2 | . 2 . . . Recycler 1 | 1 . . . . Operator 2 | . 2 . . . Swarmer 3 | . 3 . . . Grunt 5 | . 5 . . . Best Kill Streak 3 | 3 2 . . . Combat Bots Only 2 | . 2 . . . Max Kills in Single Turn 1 | 1 1 . . . Gunslinging . | . . . . . Exploded . | . . . . . Melee . | . . . . . Uniques/NPCs Destroyed . | . . . . . Combat | -11 -10 -10 -10 -9 -------- Run | Scr Mat Min Exi Min Damage Taken 1294 | 76 631 . . 587 Core 260 | 30 135 . . 95 Absorbed by Shields . | . . . . . Core Remaining (%) 88 | 88 . . . . Volleys Fired 74 | 9 53 . 2 10 Largest 2 | 2 2 . 2 2 Hottest 100 | 60 100 . 40 60 Shots Fired 131 | 18 90 . 3 20 Gun 128 | 18 88 . 2 20 Cannon . | . . . . . Launcher 1 | . . . 1 . Special 2 | . 2 . . . Kinetic 116 | 9 86 . 2 19 Thermal 3 | . 2 . . 1 Explosive 1 | . . . 1 . Electromagnetic 11 | 9 2 . . . Robot Hit Streak 17 | 4 17 . . 9 Robot Miss Streak 4 | 1 4 . . 2 Penetration Max . | . . . . . Secondary Targets . | . . . . . Shots Hit Robots 87 | 12 60 . . 15 Core Hits 38 | 8 28 . . 2 Critical Hits 3 | . 3 . . . Critical Kills 1 | . 1 . . . Critical Parts Destroyed 2 | . 2 . . . Melee Attacks . | . . . . . Impact . | . . . . . Slashing . | . . . . . Piercing . | . . . . . Sneak Attacks . | . . . . . Combat Hostiles . | . . . . . Follow-up Attacks . | . . . . . Damage Inflicted 931 | 257 563 . . 111 Guns 818 | 144 563 . . 111 Cannons . | . . . . . Explosions 113 | 113 . . . . Melee . | . . . . . Ramming . | . . . . . Kinetic 687 | 37 550 . . 100 Thermal 124 | 113 . . . 11 Explosive . | . . . . . Electromagnetic 120 | 107 13 . . . Impact . | . . . . . Slashing . | . . . . . Piercing . | . . . . . Highest Corruption . | . . . . . Average Corruption . | . . . . . Corruption Purged . | . . . . . Overload Shots . | . . . . . Overflow Damage . | . . . . . Projectiles . | . . . . . Explosions . | . . . . . Melee . | . . . . . Knockbacks . | . . . . . Impact . | . . . . . Kinetic . | . . . . . Secondary . | . . . . . Self-Inflicted Damage 77 | 77 . . . . Shots 3 | 3 . . . . Rammed . | . . . . . Targets Rammed . | . . . . . Kicked . | . . . . . Crushed . | . . . . . Highest Temperature 20 | 12 20 . . 19 Average Temperature 9 | 12 8 . . 10 Received Heat Transfer 336 | . 210 . . 126 Siege Activations . | . . . . . Robots Corrupted . | . . . . . Combat Hostiles . | . . . . . Parts Fried . | . . . . . Impact Corruptions . | . . . . . Robots Melted . | . . . . . Combat Hostiles . | . . . . . Parts Melted 1 | 1 . . . . Heat Transferred 125 | 100 . . . 25 Parts Sabotaged . | . . . . . Parts Stolen . | . . . . . Parts Stripped . | . . . . . Power Chain Reactions 3 | 3 . . . . Missiles Intercepted . | . . . . . Alert | -11 -10 -10 -10 -9 ------- Run | Scr Mat Min Exi Min Peak Influence 160 | 40 160 34 . 15 Initial 34 | . 26 34 . . Average 41 | 20 47 34 . 4 Maximum Alert Level . | . . . . . Low Security (%) 100 | 100 100 100 . 100 Level 1 . | . . . . . Level 2 . | . . . . . Level 3 . | . . . . . Level 4 . | . . . . . Level 5 . | . . . . . High Security . | . . . . . Max Security . | . . . . . Squads Dispatched 3 | . 3 . . . Investigation 1 | . 1 . . . Extermination . | . . . . . Reinforcement 2 | . 2 . . . Assault . | . . . . . Garrison . | . . . . . Intercept . | . . . . . Construction Impeded . | . . . . . Haulers Reinforced . | . . . . . Stealth | -11 -10 -10 -10 -9 --------- Run | Scr Mat Min Exi Min Distress Signals . | . . . . . Communications Jammed . | . . . . . Distress Signals . | . . . . . Times Spotted 20 | . 17 . . 3 Peak Tracking Total 3 | . 3 . . 3 Tactical Retreats 3 | . 3 . . . Traps | -11 -10 -10 -10 -9 ------- Run | Scr Mat Min Exi Min Traps Triggered 2 | . 2 . . . Indirectly . | . . . . . Trap Hack Attempts . | . . . . . Triggered . | . . . . . Disarmed . | . . . . . Reprogrammed . | . . . . . Reused . | . . . . . Traps Extracted . | . . . . . Installed . | . . . . . Triggered . | . . . . . Exploded 2 | . . . 2 . Machines | -11 -10 -10 -10 -9 ---------- Run | Scr Mat Min Exi Min Machines Disabled 2 | . 1 . 1 . Max in Single Turn 1 | . 1 . 1 . Machines Sabotaged . | . . . . . Garrisons Compromised . | . . . . . Overloaded Fab Kills . | . . . . . Fab Network Shutdowns . | . . . . . Hacking | -11 -10 -10 -10 -9 --------- Run | Scr Mat Min Exi Min Machines Accessed 6 | . 4 . 2 . Terminals 3 | . 3 . . . Fabricators . | . . . . . Repair Stations . | . . . . . Recycling Units 1 | . 1 . . . Scanalyzers . | . . . . . Garrison Access . | . . . . . Total Hacks 16 | . 14 . 2 . Successful 9 | . 7 . 2 . Failed 7 | . 7 . . . Catastrophic . | . . . . . Database Lockouts . | . . . . . Manual 13 | . 12 . 1 . Terminals 11 | . 11 . . . Fabricators . | . . . . . Repair Stations . | . . . . . Recycling Units 3 | . 3 . . . Scanalyzers . | . . . . . Garrison Access . | . . . . . Terminal Hacks 2 | . . . 2 . Record 1 | . . . 1 . EX-Prototype ID Bank 1 | . . . 1 . Fabricator Hacks . | . . . . . Repair Station Hacks . | . . . . . Recycling Unit Hacks 2 | . 2 . . . Report Inventory 1 | . 1 . . . Retrieve Components 1 | . 1 . . . Scanalyzer . | . . . . . Garrison Access Hacks . | . . . . . Unauthorized Hacks 5 | . 5 . . . Terminals 4 | . 4 . . . Botnet 3 | . 3 . . . Operators 1 | . 1 . . . Fabricators . | . . . . . Repair Stations . | . . . . . Recycling Units 1 | . 1 . . . Mask 1 | . 1 . . . Scanalyzers . | . . . . . Garrison Access . | . . . . . Data Cores Recovered . | . . . . . Used . | . . . . . Hacking Detections 4 | . 4 . . . Full Trace Events . | . . . . . Feedback Events . | . . . . . Feedback Blocked . | . . . . . Robot Schematics Acquired . | . . . . . Robots Built . | . . . . . Matter . | . . . . . Time . | . . . . . Total Robot Build Rating . | . . . . . Part Schematics Acquired . | . . . . . Parts Built . | . . . . . Matter . | . . . . . Time . | . . . . . Total Part Build Rating . | . . . . . Parts Repaired . | . . . . . Time . | . . . . . Parts Recycled . | . . . . . Recycled Matter . | . . . . . Retrieved Matter . | . . . . . Retrieved Components 3 | . 3 . . . Parts Scanalyzed . | . . . . . Part Schematics Acquired . | . . . . . Parts Damaged . | . . . . . Bothacking | -11 -10 -10 -10 -9 ------------ Run | Scr Mat Min Exi Min Used RIF Installer . | . . . . . Robots Hacked . | . . . . . Non-combat . | . . . . . Combat . | . . . . . Robot Hacks Applied . | . . . . . Relay Couplers Released . | . . . . . Robots Rewired . | . . . . . Allies Hacked . | . . . . . Hacks Repelled . | . . . . . Allies | -11 -10 -10 -10 -9 -------- Run | Scr Mat Min Exi Min Total Allies . | . . . . . Largest Group . | . . . . . Highest-Rated Group . | . . . . . Highest-Rated Ally . | . . . . . Total Orders . | . . . . . Ally Attacks . | . . . . . Total Damage . | . . . . . Kills . | . . . . . Allies Corrupted . | . . . . . Allies Melted . | . . . . . Intel | -11 -10 -10 -10 -9 ------- Run | Scr Mat Min Exi Min Robot Analysis Total . | . . . . . Derelict Logs Recovered 1 | . . 1 . . Drone Launches . | . . . . . Drone Recoveries . | . . . . . Exploration | -11 -10 -10 -10 -9 ------------- Run | Scr Mat Min Exi Min Turns Passed 2223 | 121 977 347 750 28 Spaces Moved 1087 | 45 421 214 407 . Core . | . . . . . Treads 1068 | 26 421 214 407 . Legs 19 | 19 . . . . Wheels . | . . . . . Hover . | . . . . . Flight . | . . . . . Fastest Speed 120 | 120 160 160 160 . Average Speed 163 | 143 160 160 171 . Slowest Speed 180 | 160 160 160 180 . Overloaded Moves . | . . . . . Propulsion Burnouts . | . . . . . Robots Hopped . | . . . . . Cave-ins Triggered . | . . . . . Exploration Rate (%) 41 | 3 75 61 69 1 Regions Visited 4 Branch Regions 3 Pre-discovered Areas 1 | . . . 1 . Known Exits Taken . | . . . . . Unknown Exits Taken 4 | 1 1 1 1 . Scrap Searched 2 | . . 2 . . Spaces Dug 1 | . 1 . . . Terrain Destroyed 19 | 10 1 . 8 . Melee . | . . . . . Projectile 1 | . 1 . . . AOE 18 | 10 . . 8 . Terrain Rammed . | . . . . . Walls Destroyed . | . . . . . Machines Disabled . | . . . . . Actions | -11 -10 -10 -10 -9 --------- Run | Scr Mat Min Exi Min Total 1424 | 85 650 219 457 13 Wait 189 | 21 135 . 33 . Move 1083 | 44 420 213 406 . Hop . | . . . . . Pick Up 25 | 5 9 5 6 . Fast Attach 3 | 1 2 . . . Attach 5 | 2 . . . 3 Detach . | . . . . . Swap 18 | . 14 . 4 . Drop 27 | 3 17 1 6 . Fire 74 | 9 53 . 2 10 Melee . | . . . . . Ram . | . . . . . Kick . | . . . . . Crush . | . . . . . Escape Stasis . | . . . . . Rewire . | . . . . . Trap . | . . . . . Miscellaneous . | . . . . . Route ------- -11/Scrapyard -10/Materials (discovered 4 exits: [*Mat x2] / [*Min x2]) -10/Mines (discovered 3 exits: [*Mat x2] / *Exi) -10/Exiles -9/Mines History --------- Turn | Location | Event 8 | -11/Scrapyard | Discovered new exit (range 3) 122 | -11/Scrapyard | Entered Materials 122 | -10/Materials | Discovered new exit (range 7) 197 | -10/Materials | Discovered new exit (range 13) 315 | -10/Materials | Build established: Mutant 484 | -10/Materials | Core integrity fell below 50% 505 | -10/Materials | Discovered new exit (range 8) 1031 | -10/Materials | Discovered new exit (range 16) 1099 | -10/Materials | Entered Mines 1155 | -10/Mines | Discovered new exit (range 9) 1183 | -10/Mines | Learned Materials emergency access door positions 1216 | -10/Mines | Discovered new exit (range 11) 1439 | -10/Mines | Deemed a non-threat by the Exiles lab entrance 1439 | -10/Mines | Discovered new exit (range 5) 1446 | -10/Mines | Entered Exiles 1486 | -10/Exiles | Met 8R-AWN 1514 | -10/Exiles | Met EX-HEX 1600 | -10/Exiles | Met EX-DEC 1668 | -10/Exiles | Learned location of Zion (-7) 1846 | -10/Exiles | Met EX-BIN 1871 | -10/Exiles | Aligned with FarCom system 1873 | -10/Exiles | Given EX-Vault access code 1914 | -10/Exiles | Opened EX-Vault 1929 | -10/Exiles | Found Potential Leg 1932 | -10/Exiles | Found Potential Leg 1937 | -10/Exiles | Found Trap Reconfigurator 1986 | -10/Exiles | Warned to stay clear of 0b10 Research branches 1993 | -10/Exiles | Exiles lab attacked by MAIN.C 2024 | -10/Exiles | Build established: Hauler-Mutant 2143 | -10/Exiles | Discovered new exit (range 12) 2196 | -10/Exiles | Left Exiles lab with Trap Reconfigurator 2196 | -10/Exiles | Entered Mines 2222 | -9/Mines | Core integrity fell below 20% 2224 | -9/Mines | Destroyed by L-31 Rogue with Katana Last Messages --------------- 01993_ EXILES: Incoming Unaware force detected on approach from Mines. Prepare for evacuation. 01995_ EX-BIN seems to be suffering from a case of analysis paralysis. 02023_ 8R-AWN: "We've got company!" 02027_ 8R-AWN: "I'll cover you all, get out of here!" 02028_ EXILES: Lab perimeter alert, evacuate immediately. 02033_ EX-BIN: "Not cool, MAIN.C, I don't even have my SDF Cannon ready..." 02086_ Machine disabled. 02143_ EXIT=FOUND 02163_ 8R-AWN exits level. LOCATION=UNKNOWN GOAL=ESCAPE 02196_ Receiving FarCom transmissions... 02197_ J5-HVA: "That was close. Too bad in all the rush we got split up from the others." 02204_ Ion Engine destroyed. 02209_ Lgt. Treads destroyed. 02211_ Lgt. Assault Rifle severed. 02214_ Lgt. Treads destroyed. 02220_ Lgt. Assault Rifle destroyed. Map ----- +----------------------------------------------------+ | ????????????????????????????????????????????????? | | ????????????????????????????????????????????????? | | ????????????????????????????????????????????????? | | ????????????????????????????????????????????????? | | ????????????????????????????????????????????????? | | ????????????????????????????????????????????????? | | ????????????????????????????????????????????????? | | ????????????????????????????????????????????????? | | ????????????????????????????????????????????????? | | ????????????????????????????????????????????????? | | ????????????????????????????????????????????????? | | ????????????????????????????????????????????????? | | ????????????????????????????????????????????????? | | ????????????????????????????????????????????????? | | ????????????????????????????????????????????????? | | ????????????????????????????????????????????????? | | ????????????????????????????????????????????????? | | ????????????????????????????????????????????????? | | ????????????????????????????????????????????????? | | ????????????????????????????????????????????????? | | ????????????????????????????????????????????????? | | ????????????????????????????????????????????????? | | ????????????????????????????????????????????????? | | ???????????????????????####?????????????????????? | | ??????????????????????## ##????????????????????? | | ??????????????????????# @ #????????????????????? | | ??????????????????????# l #???????????????????? | | ??????????????????????## g #??????????????????? | | ???????????????????????## g ?????????????????? | | ????????????????????????#### #???????????????? | | ????????????????????????????# ##???????????????? | | ?????????????????????????????###????????????????? | | ????????????????????????????????????????????????? | | | | | | | | | | | | | | | | | | | | | | | | | | | | | | | | | | | +----------------------------------------------------+ Best States ------------- Heat Dissipation 25 Energy Generation 10 Energy Capacity 250 Matter Stores 300 Matter Capacity 300 Sight Range 16 Terrain Scan Density 10 Evasion (%) 40 Recoil Reduction 2 Item Schematics ----------------- None Robot Schematics ------------------ None Fabricated ------------ Nothing Alien Tech Used ----------------- None Achievements -------------- None Challenges ------------ None Game ------ Seed SiegeThunderSheargun Manual? 0 Play Time 00:13:09 Cumulative 52.0 hours Start 2020.10.27 @ 20:42:35 End 2020.10.27 @ 20:55:29 Sessions 1 Manual Loads 0 Difficulty Rogue Special Mode None Game No. 45 Rogue 45 Adventurer 0 Explorer 0 Win Type - Total 0 Types 0/0/0/0/0/0/0/0/0 Lore% 42 Gallery% 46 Achievement% 50 Wizard Run 0 Options --------- ASCII 0 Keyboard 1 Movement Numpad Keybinds 0 Fullscreen 1 Font 12/Terminus Map View 83x54 Tactical HUD 1 Map Filters NONE Filters NONE Steam 1 RUN: 590b2f55-3948-4abe-af86-076378dd6e53